[ AOE2 MATCH · #471807980 ]
UnrankedDravidians vs None
Player's team · LOSS
Rival team · WIN
[ REPLAY ANALYSIS · EXTRACTED FROM THE RECORDED GAME ]
Feudal
—
Castle
—
Imperial
—
| APM avg | 34.0 |
| APM peak | 69 |
| eAPM avg | 6.4 |
| Villagers / military | 0 / 0 |
Focus
⚔️ 100.0% · 🌾 0.0%
Feudal
—
Castle
—
Imperial
—
| APM avg | 33.5 |
| APM peak | 54 |
| eAPM avg | 11.8 |
| Villagers / military | 0 / 0 |
Focus
⚔️ 100.0% · 🌾 0.0%
Feudal
—
Castle
—
Imperial
—
| APM avg | 49.6 |
| APM peak | 71 |
| eAPM avg | 14.2 |
| Villagers / military | 0 / 0 |
Focus
⚔️ 98.5% · 🌾 1.5%
Feudal
—
Castle
—
Imperial
—
| APM avg | 46.1 |
| APM peak | 74 |
| eAPM avg | 36.3 |
| Villagers / military | 0 / 367 |
Focus
⚔️ 97.7% · 🌾 2.3%
Militia ×367
Feudal
—
Castle
—
Imperial
—
| APM avg | 18.2 |
| APM peak | 39 |
| eAPM avg | 7.6 |
| Villagers / military | 0 / 0 |
Focus
⚔️ 99.0% · 🌾 1.0%
Feudal
—
Castle
—
Imperial
—
| APM avg | 27.3 |
| APM peak | 64 |
| eAPM avg | 15.2 |
| Villagers / military | 0 / 151 |
Focus
⚔️ 89.7% · 🌾 10.3%
Knight ×150 · Scout Cavalry ×1
Feudal
—
Castle
—
Imperial
—
| APM avg | 16.6 |
| APM peak | 29 |
| eAPM avg | 4.8 |
| Villagers / military | 0 / 0 |
Focus
⚔️ 100.0% · 🌾 0.0%
Feudal
—
Castle
—
Imperial
—
| APM avg | 15.8 |
| APM peak | 47 |
| eAPM avg | 4.1 |
| Villagers / military | 0 / 0 |
Focus
⚔️ 100.0% · 🌾 0.0%
Match map
Initial resources + every placement click. Lines = walls · curves = elevation contours. ◆ gold · ⬟ stone · ● berries · ✦ relic · ◌ wall gap
Your base
Iggles's base· Open — unwalled flank
idontko's base· Open — unwalled flank
Burberry's base
ruddy's base· Open — unwalled flank
DWD's base
neokle866's base
denrici's base
Smoothed initial terrain · ◌ = detected wall gap · hover for details
Inputs per minute
— Ilhuitemoc R - - Iggles
Build order — Ilhuitemoc R
0 actions detected in the replay
Build order — Iggles
6 actions detected in the replay
| 13:31 | Research | Chain Barding Armor |
| 13:32 | Research | Iron Casting |
| 13:33 | Research | Bodkin Arrow |
| 13:33 | Research | Leather Archer Armor |
| 13:34 | Research | Chain Mail Armor |
| 13:37 | Research | Ballistics |
Build order — idontko
22 actions detected in the replay
| 8:46 | Build | Stone Wall |
| 8:51 | Build | Stable |
| 8:56 | Build | Stable |
| 9:53 | Build | Stable |
| 9:54 | Build | Stable |
| 9:55 | Build | Stable |
| 9:57 | Build | Stable |
| 10:00 | Research | Bloodlines |
| 10:38 | Build | Stone Wall |
| 10:47 | Build | Stone Wall |
| 11:07 | Build | Stable |
| 12:53 | Build | Stable |
| 12:54 | Build | Stable |
| 14:42 | Build | Stable |
| 14:44 | Build | Stable |
| 14:45 | Build | Stable |
| 14:47 | Build | Stable |
| 14:49 | Build | Stable |
| 14:50 | Build | Stable |
| 14:52 | Build | Stable |
| 14:54 | Build | Stable |
| 14:56 | Build | Stable |
Build order — Burberry
123 actions detected in the replay
| 5:58 | Build | Barracks |
| 5:59 | Build | Barracks |
| 6:01 | Build | Barracks |
| 6:02 | Build | Barracks |
| 6:05 | Build | Barracks |
| 6:06 | Build | Barracks |
| 6:07 | Build | Barracks |
| 6:08 | Build | Barracks |
| 6:13 | Build | Archery Range |
| 6:21 | Build | Barracks |
| 6:22 | Build | Barracks |
| 6:23 | Build | Barracks |
| 6:25 | Build | Barracks |
| 7:21 | Research | Long Swordsman (upgrade) |
| 7:22 | Research | Pikeman (upgrade) |
| 8:07 | Research | Bodkin Arrow |
| 8:07 | Research | Leather Archer Armor |
| 8:08 | Research | Chain Barding Armor |
| 8:08 | Research | Iron Casting |
| 8:08 | Research | Chain Mail Armor |
| 8:10 | Research | Ballistics |
| 8:11 | Research | Guard Tower (upgrade) |
| 8:11 | Research | Tech 909 |
| 8:12 | Research | Tech 908 |
| 8:13 | Research | Careening |
| 8:14 | Research | Cilician Fleet |
| 8:22 | Research | Crossbowman (upgrade) |
| 8:23 | Research | Elite Skirmisher (upgrade) |
| 9:16 | Build | Barracks |
| 9:18 | Build | Barracks |
| 9:19 | Build | Barracks |
| 9:21 | Build | Barracks |
| 9:22 | Build | Barracks |
| 9:28 | Research | Squires |
| 9:33 | Research | Arson |
| 9:35 | Research | Two-Handed Swordsman (upgrade) |
| 9:38 | Research | Halberdier (upgrade) |
| 9:41 | Research | Gambesons |
| 11:37 | Research | Champion (upgrade) |
| 11:38 | Research | Champion (upgrade) |
| 11:39 | Create | Militia ×5 |
| 11:39 | Create | Militia ×5 |
| 11:40 | Create | Militia ×5 |
| 11:40 | Create | Militia ×5 |
| 11:40 | Create | Militia ×5 |
| 11:40 | Create | Militia ×5 |
| 11:41 | Create | Militia ×5 |
| 11:42 | Create | Militia ×5 |
| 11:42 | Create | Militia ×5 |
| 11:42 | Create | Militia ×5 |
| 11:54 | Create | Militia ×5 |
| 11:55 | Create | Militia ×5 |
| 11:55 | Create | Militia ×5 |
| 11:55 | Create | Militia ×5 |
| 11:56 | Create | Militia ×5 |
| 11:56 | Create | Militia ×5 |
| 11:57 | Create | Militia ×5 |
| 11:57 | Create | Militia ×5 |
| 12:00 | Create | Militia ×5 |
| 12:00 | Create | Militia ×5 |
| 12:00 | Create | Militia ×5 |
| 12:00 | Create | Militia ×5 |
| 12:01 | Create | Militia ×5 |
| 12:01 | Create | Militia ×5 |
| 12:02 | Create | Militia ×5 |
| 12:02 | Create | Militia ×5 |
| 12:03 | Create | Militia ×5 |
| 12:03 | Create | Militia ×5 |
| 12:03 | Create | Militia ×5 |
| 12:03 | Create | Militia ×2 |
| 12:06 | Create | Militia ×5 |
| 12:06 | Create | Militia ×5 |
| 12:06 | Create | Militia ×5 |
| 12:07 | Create | Militia ×5 |
| 12:22 | Create | Militia ×5 |
| 12:23 | Create | Militia ×3 |
| 12:23 | Create | Militia ×3 |
| 12:54 | Create | Militia ×5 |
| 12:54 | Create | Militia ×5 |
| 12:55 | Create | Militia ×5 |
| 12:55 | Create | Militia ×5 |
| 12:55 | Create | Militia ×5 |
| 12:56 | Create | Militia ×5 |
| 13:24 | Create | Militia ×5 |
| 13:24 | Create | Militia ×5 |
| 13:25 | Create | Militia ×5 |
| 13:25 | Create | Militia ×5 |
| 13:25 | Create | Militia ×5 |
| 13:26 | Create | Militia ×5 |
| 13:26 | Create | Militia ×5 |
| 13:27 | Create | Militia ×5 |
| 13:27 | Create | Militia ×5 |
| 13:54 | Create | Militia ×5 |
| 13:54 | Create | Militia ×5 |
| 13:54 | Create | Militia ×5 |
| 13:54 | Create | Militia ×5 |
| 13:56 | Create | Militia ×5 |
| 13:56 | Create | Militia ×5 |
| 13:56 | Create | Militia ×5 |
| 14:35 | Create | Militia ×5 |
| 14:35 | Create | Militia ×5 |
| 14:36 | Create | Militia ×5 |
| 14:37 | Create | Militia ×5 |
| 14:37 | Create | Militia ×5 |
| 14:37 | Create | Militia ×5 |
| 14:38 | Research | Plate Mail Armor |
| 14:39 | Research | Blast Furnace |
| 14:39 | Research | Bracer |
| 14:40 | Research | Ring Archer Armor |
| 14:41 | Research | Chemistry |
| 14:42 | Research | Tech 910 |
| 14:43 | Research | Tech 907 |
| 14:43 | Research | Dry Dock |
| 15:01 | Create | Militia ×5 |
| 15:02 | Create | Militia ×5 |
| 15:02 | Create | Militia ×5 |
| 15:03 | Create | Militia ×5 |
| 15:03 | Create | Militia ×5 |
| 15:03 | Create | Militia ×5 |
| 15:04 | Create | Militia ×5 |
| 15:04 | Create | Militia ×5 |
| 15:05 | Create | Militia ×5 |
| 15:05 | Create | Militia ×4 |
Build order — ruddy
19 actions detected in the replay
| 11:11 | Research | Chain Mail Armor |
| 11:12 | Research | Iron Casting |
| 11:13 | Research | Bodkin Arrow |
| 11:17 | Research | Leather Archer Armor |
| 11:21 | Research | Treadmill Crane |
| 11:22 | Research | Ballistics |
| 11:28 | Research | Yasama |
| 11:28 | Research | Yasama |
| 14:46 | Research | Spies/Treason |
| 14:47 | Research | Conscription |
| 14:51 | Research | Elite Samurai (upgrade) |
| 14:54 | Research | Plate Mail Armor |
| 14:55 | Research | Blast Furnace |
| 14:55 | Research | Bracer |
| 14:56 | Research | Ring Archer Armor |
| 14:57 | Research | Chain Barding Armor |
| 15:01 | Research | Chemistry |
| 15:02 | Research | Arrowslits |
| 15:02 | Research | Guard Tower (upgrade) |
Build order — DWD
49 actions detected in the replay
| 6:29 | Build | Stone Wall |
| 6:37 | Build | Building 490 |
| 6:59 | Build | Stable |
| 6:59 | Build | Stable |
| 7:00 | Build | Stable |
| 7:01 | Build | Stable |
| 7:59 | Research | Bloodlines |
| 9:34 | Build | Stable |
| 9:36 | Build | Stable |
| 9:38 | Build | Stable |
| 9:39 | Build | Stable |
| 11:22 | Research | Iron Casting |
| 11:22 | Research | Chain Barding Armor |
| 11:45 | Research | Husbandry |
| 11:45 | Create | Knight ×5 |
| 11:45 | Create | Knight ×5 |
| 11:46 | Create | Knight ×5 |
| 11:46 | Create | Knight ×5 |
| 11:46 | Create | Knight ×5 |
| 11:46 | Create | Knight ×5 |
| 11:47 | Create | Knight ×5 |
| 11:47 | Create | Knight ×5 |
| 11:47 | Create | Knight ×5 |
| 11:47 | Create | Knight ×5 |
| 11:48 | Create | Knight ×5 |
| 11:48 | Create | Knight ×5 |
| 11:48 | Create | Knight ×5 |
| 11:48 | Create | Knight ×5 |
| 11:49 | Create | Knight ×5 |
| 11:49 | Create | Knight ×5 |
| 11:49 | Create | Knight ×5 |
| 11:49 | Create | Knight ×5 |
| 11:49 | Create | Knight ×4 |
| 12:24 | Create | Knight ×5 |
| 12:24 | Create | Knight ×5 |
| 12:24 | Create | Knight ×5 |
| 12:50 | Create | Knight |
| 12:50 | Create | Knight |
| 12:50 | Create | Knight |
| 13:04 | Create | Knight ×5 |
| 13:04 | Create | Knight ×5 |
| 13:05 | Create | Knight ×5 |
| 13:05 | Create | Knight |
| 14:13 | Create | Knight ×5 |
| 14:14 | Create | Knight ×5 |
| 14:14 | Create | Knight ×5 |
| 14:14 | Create | Knight ×5 |
| 14:14 | Create | Knight ×2 |
| 14:17 | Create | Scout Cavalry |
Build order — neokle866
0 actions detected in the replay
Build order — denrici
0 actions detected in the replay
Match timeline
| 5:58 | Burberry · first_building Barracks |
| 6:13 | Burberry · first_building Archery Range |
| 6:29 | DWD · wall_segment Stone Wall x12 |
| 6:59 | DWD · first_building Stable |
| 8:46 | idontko · wall_segment Stone Wall x12 |
| 8:51 | idontko · first_building Stable |
| 10:38 | idontko · wall_segment Stone Wall x1 |
| 10:47 | idontko · wall_segment Stone Wall x1 |
| 14:18 | denrici · resign |
[ AI ANALYSIS · 1 CREDIT ]
What really happened in this match?
Wolo.gg analyzes every decision: build order, eco, micro, common mistakes by bracket. Personalized analysis on WhatsApp or Discord in 30 seconds.
Civ guide
Dravidians
Perfil
Jugador #4895998